 Dungeon Crawl Stone Soup version 0.31-a0-163-gb40cd77e26 (webtiles) character file.

Game seed: 15465060418517840702

373 qw the Shooter (level 6, -1/38 HPs)
             Began as a Gargoyle Hunter on June 13, 2023.
             Slain by an orc
             ... wielding a +0 flail
              (6 damage)
             ... on level 4 of the Dungeon.
             The game lasted 00:01:10 (2899 turns).

qw the Shooter (Gargoyle Hunter)                    Turns: 2899, Time: 00:01:10

Health: -1/38      AC:  9    Str: 14    XL:     6   Next: 71%
Magic:  6/6        EV: 10    Int: 10    God:
Gold:   192        SH:  5    Dex: 15    Spells: 5/5 levels left

rFire   . . .        Y - +0 orcbow
rCold   . . .        (shield currently unavailable)
rNeg    + . .        h - +0 ring mail
rPois   inf          (no helmet)
rElec   +            (no cloak)
rCorr   .            (no gloves)
SInv    .            (no boots)
Will    .....        j - amulet of reflection
Stlth   +            (no ring)
HPRegen 0.26/turn    (no ring)
MPRegen 0.10/turn

%: reflection
@: no status effects
A: sickness immunity, AC +4, negative energy resistance 1, electricity
resistance, torment resistance 1, petrification resistance
a: no special abilities


You were on level 4 of the Dungeon.
You visited 1 branch of the dungeon, and saw 4 of its levels.

You collected 192 gold pieces.


Innate Abilities, Weirdness & Mutations

You are immune to sickness and miasma.
Your stone body is resilient. (AC +4)
You are immune to poison.
You resist negative energy. (rN+)
You are resistant to electric shocks. (rElec)
You are resistant to unholy torment.
You are immune to petrification.


   Skills:
 - Level 4.0 Fighting
 + Level 7.0 Ranged Weapons
 - Level 1.0 Armour
 - Level 1.5 Dodging
 - Level 1.1 Stealth


You had 5 spell levels left.
You didn't know any spells.
Your spell library was empty.

Inventory:

Hand Weapons
 Y - a +0 orcbow (weapon)
Armour
 h - a +0 ring mail (worn)
Jewellery
 a - a ring of fire
 b - a ring of ice
 j - an amulet of reflection (around neck)
Scrolls
 d - a scroll of identify
Potions
 f - a potion of mutation
 g - 2 potions of heal wounds {unknown}
 i - a potion of lignification {unknown}
 k - a potion of haste {unknown}
 l - a potion of might {unknown}

Dungeon Overview and Level Annotations

Branches:
Dungeon (4/15)
 Temple: D:4-7

Altars:
Elyvilon
Hepliaklqana
Kikubaaqudgha


Message History

The gnoll is severely wounded.
The gnoll hits you with a +0 club.
You shoot an arrow. The arrow hits the gnoll.
You kill the gnoll!
The gnoll hits you with a +0 flail!
You shoot an arrow. The arrow hits the gnoll!
You kill the gnoll!
The gnoll barely misses you. The orc closely misses you.
Your Ranged Weapons skill increases to level 7!
You shoot an arrow. The arrow hits the gnoll.
The gnoll is lightly wounded.
The gnoll closely misses you. The orc hits you with a +0 flail.
A kobold comes into view. It is wielding a +1 dagger of venom.
You shoot an arrow. The arrow completely misses the gnoll.
The orc hits you but does no damage. The gnoll hits you with a +0 whip.
You shoot an arrow.
The arrow hits the gnoll but does no damage.
The gnoll hits you with a +0 whip. You block the orc's attack.
You shoot an arrow. The arrow hits the gnoll!
The gnoll is severely wounded.
The gnoll hits you but does no damage. The orc hits you with a +0 flail.
You block the gnoll's attack. You block the orc's attack.
You shoot an arrow. The arrow hits the gnoll!
You kill the gnoll!
The kobold barely misses you.
The orc shouts loudly.
The orc hits you but does no damage.
You shoot an arrow. The arrow barely misses the gnoll.
The kobold hits you but does no damage. The orc barely misses you.
The gnoll closely misses you.
You shoot an arrow. The arrow hits the gnoll.
The gnoll is lightly wounded.
You block the kobold's attack. The orc hits you with a +0 flail.
The gnoll barely misses you.
You shoot an arrow. The arrow hits the gnoll!
The gnoll is heavily wounded.
The kobold barely misses you. The orc misses you.
The gnoll hits you with a +0 flail. x2; The kobold hits you but does no damage.
The orc hits you with a +0 flail.
You die...

........... ..........
........... # #.
#........... (#
##.###............ ..
#.....#............. .
......goK...........#. #.
#@..............## #.#
#...............#. .##..#
#.................
##.....##.................
.........>...#............
##..........##............
.............#............
...............#..........
...............##.....##..


You could see a gnoll, an orc and a kobold.

Vanquished Creatures
  A centaur (D:3)
  A scorpion (D:4)
  A sleepcap (D:4)
  An orc wizard (D:3)
  An iguana (D:3)
  3 gnolls (D:4)
  4 adders
  5 worms
  A dart slug (D:1)
  8 orcs (D:3)
  4 bats
  4 endoplasms
  3 giant cockroaches
  7 goblins
  8 hobgoblins
  2 kobolds
  A quokka (D:3)
  6 ball pythons
  A frilled lizard (D:1)
  5 rats
67 creatures vanquished.

Notes
Turn   | Place    | Note
-------+----------+-------------------------------------------
     0 | D:1      | qw the Gargoyle Hunter began the quest for the Orb.
     0 | D:1      | Reached XP level 1. HP: 12/12 MP: 1/1
     0 | D:1      | 0 ||| qw: Version: 0.2-a-29-gc1b59c4
     0 | D:1      | 0 ||| qw: Game counter: 4437
     0 | D:1      | 0 ||| qw: Always use a shield: true
     0 | D:1      | 0 ||| qw: God list: Okawaru
     0 | D:1      | 0 ||| qw: Allow faded altars: false
     0 | D:1      | 0 ||| qw: Do Orc after D:15 true
     0 | D:1      | 0 ||| qw: Do second Lair branch before Depths: true
     0 | D:1      | 0 ||| qw: Lair rune preference: random
     0 | D:1      | 0 ||| qw: Plans: Normal, Zot:1-4, Slime:5, God:TSO, Crypt,
                  | Tomb, Abyss, Pan, Hells, Win
     0 | D:1      | 0 ||| PLANNING D:1-11
   202 | D:1      | Reached XP level 2. HP: 17/17 MP: 2/2
   486 | D:1      | 486 ||| DROPPING +3 sling.
   648 | D:1      | Reached XP level 3. HP: 21/21 MP: 3/3
   780 | D:1      | Found a faded altar of an unknown god.
   784 | D:1      | 784 ||| READING scroll labelled NYVILO BYURO.
   789 | D:1      | 789 ||| READING scroll labelled OSOCYN ZEKKE.
   790 | D:1      | 790 ||| DROPPING scroll of butterflies.
   826 | D:2      | 826 ||| STAIRDANCE
   896 | D:2      | Reached skill level 5 in Ranged Weapons
  1114 | D:2      | Reached skill level 3 in Fighting
  1141 | D:2      | Reached XP level 4. HP: 15/28 MP: 4/4
  1221 | D:2      | Identified the +6 tower shield "Poqeet" {rElec rF++ Dex-3}
  1543 | D:2      | 1543 ||| UPGRADING to +0 ring mail.
  1553 | D:2      | 1553 ||| DROPPING +0 leather armour.
  1554 | D:2      | 1554 ||| UPGRADING to amulet of reflection.
  1559 | D:2      | 1559 ||| READING 2 scrolls labelled NIPNOI KOUPPESM.
  1560 | D:2      | 1560 ||| READING scroll labelled IXIAWU UDWE.
  1561 | D:2      | 1561 ||| DRINKING 2 dark potions.
  1562 | D:2      | 1562 ||| DROPPING potion of brilliance.
  1593 | D:3      | 1593 ||| PLANNING SEWER
  1908 | D:3      | Reached skill level 1 in Armour
  1994 | D:3      | Found an ancient bone altar of Kikubaaqudgha.
  2131 | D:3      | Reached XP level 5. HP: 21/32 MP: 5/5
  2179 | D:3      | Noticed a centaur
  2182 | D:3      | HP: 7/32 [centaur/arrow (11)]
  2183 | D:3      | 2183 ||| READING scroll of teleportation.
  2226 | D:3      | 2226 ||| RIP SEWER
  2279 | D:3      | 2279 ||| PLANNING D:1-11
  2330 | D:3      | Killed a centaur
  2331 | D:3      | Reached skill level 6 in Ranged Weapons
  2359 | D:3      | Found a hazy altar of Hepliaklqana.
  2396 | D:3      | 2396 ||| SWAPPING to +0 orcbow.
  2399 | D:3      | 2399 ||| DROPPING +0 shortbow.
  2526 | D:3      | Reached XP level 6. HP: 38/38 MP: 6/6
  2570 | D:3      | 2570 ||| READING scroll labelled NACALA VILLOR.
  2571 | D:3      | 2571 ||| READING 2 scrolls of identify.
  2571 | D:3      | 2571 ||| IDENTIFYING smoky silvery potion
  2678 | D:3      | 2678 ||| READING scroll labelled QUULLE QEAS.
  2818 | D:4      | Found a white marble altar of Elyvilon.
  2892 | D:4      | Reached skill level 7 in Ranged Weapons
  2899 | D:4      | HP: 5/38 [gnoll/+0 flail (6)]
  2899 | D:4      | Slain by an orc

Levels and vault maps discovered:
D:1:      heliophobic_arrival_glass_houses, layout_loops_ring,
          dilly_ecumenical_altar_fadedgnrine
D:2:      layout_basic, minmay_pentomino_z4
D:3:      layout_basic, nicolae_hepliaklqana_hazy_memory,
          kiku_gazebo_pond_becter, cheibrodos_sewer_entry_bend
D:4:      layout_cave_pools, grunt_temple_overflow_gold_and_silver,
          elyvilon_altar_1, kennysheep_path_1, uniq_crazy_yiuf_cottage

Skill      XL: |  1  2  3  4  5  6 |
---------------+-------------------+-----
Ranged Weapons | 5 6 7 |  7.0
Fighting       | 3 4 |  4.0
Armour         | 1 |  1.0
Dodging        | |  1.5
Stealth        | |  1.1

Action                     |  1- 3 |  4- 6 || total
---------------------------+-------+-------++-------
   Fire: Shortbow          |   111 |    92 ||   203
         Orcbow            |       |    73 ||    73
    Use: Scroll            |     2 |     6 ||     8
         Potion            |       |     1 ||     1
 Armour: Leather armour    |    31 |     1 ||    32
         Ring mail         |       |    37 ||    37
  Dodge: Dodged            |    44 |    46 ||    90
  Block: Other             |       |    23 ||    23
         Reflection        |       |     1 ||     1

Table legend:
 A = Non-vault XP
 B = Vault XP
 C = Vault XP percentage of total XP
 D = Non-vault monster count
 E = Vault monster count
 F = Vault count percentage of total count
                 A         B        C        D         E       F
            +---------+---------+-------+---------+---------+-------
      Total |     499 |      34 |   6.4 |      63 |       4 |   6.0
            +---------+---------+-------+---------+---------+-------
        D:1 |      35 |       0 |   0.0 |      18 |       0 |   0.0
        D:2 |      42 |      29 |  40.8 |      14 |       3 |  17.6
        D:3 |     246 |       5 |   2.0 |      25 |       1 |   3.8
        D:4 |     176 |       0 |   0.0 |       6 |       0 |   0.0
            +---------+---------+-------+---------+---------+-------
